 Dungeon Crawl Stone Soup version 0.29.1-15-g9cfb28693d (webtiles) character file.

Game seed: 4917719659439989589

84697 jtron the Skirmisher (level 15, -3/108 HPs)
             Began as a Gnoll Wanderer on Feb 28, 2023.
             Was an Elder of Qazlal.
             Slain by a skeletal warrior
             ... wielding a +0 scimitar of protection
              (7 damage)
             ... on level 15 of the Dungeon.
             The game lasted 01:54:21 (29737 turns).

jtron the Skirmisher (Gnoll Wanderer)              Turns: 29737, Time: 01:54:22

Health: -3/108     AC: 28    Str: 25    XL:     15   Next: 81%
Magic:  29/30      EV: 19    Int: 18    God:    Qazlal [****..]
Gold:   2099       SH: 20    Dex: 24    Spells: 24/36 levels left

rFire   . . .      SeeInvis .   a - +5 war axe of Qigraan {protect, rPois Int+4}
rCold   . . .      Faith    +   T - +1 kite shield
rNeg    . . .      Spirit   .   j - +5 ring mail "Goorgh" {Rampage Int+4 Dex+3}
rPois   +          Reflect  .   d - +1 helmet
rElec   .          Harm     .   k - +1 cloak
rCorr   .          Rampage  +   z - +1 pair of gloves
Will    +....      Clarity  +   F - +0 pair of boots
Stlth   +++.......              w - amulet of faith
HPRegen 0.28/turn               o - +6 ring of strength
MPRegen 0.22/turn               U - +6 ring of dexterity

@: under a protective aura, invisible, repel missiles
A: fangs 1, strong nose, distributed training, clarity, frail 1, strong 1
a: Renounce Religion, Upheaval, Elemental Force


You were on level 15 of the Dungeon.
You worshipped Qazlal.
Qazlal was greatly pleased with you.
You visited 6 branches of the dungeon, and saw 25 of its levels.
You also visited: Volcano.

You collected 3577 gold pieces.
You spent 1478 gold pieces at shops.

Inventory:

Hand Weapons
 a - the +5 war axe of Qigraan (weapon) {protect, rPois Int+4}
   (You bought it in a shop on level 8 of the Dungeon)

   It grants its wielder temporary protection when it strikes (+7 to AC).
   Int:       It affects your intelligence (+4).
   rPois:     It protects you from poison.
 b - a +6 sling of flaming
 W - the +5 falchion of the Mouth {freeze, rN+ rCorr Int+7}
   (You bought it in a shop on level 12 of the Dungeon)

   It freezes those it strikes, dealing additional cold damage.
   It can also slow down cold-blooded creatures.
   Int:       It affects your intelligence (+7).
   rN:        It protects you from negative energy.
   rCorr:     It protects you from acid and corrosion.
Missiles
 e - 3 throwing nets
 f - 22 poisoned darts (quivered)
 i - a curare-tipped dart
 n - 4 javelins
 u - 3 silver javelins
 M - 7 boomerangs
 V - 4 atropa-tipped darts
Armour
 d - a +1 helmet (worn)
 j - the +5 ring mail "Goorgh" (worn) {Rampage Int+4 Dex+3}
   (You took it off a gnoll on level 5 of the Dungeon)

   Int:       It affects your intelligence (+4).
   Dex:       It affects your dexterity (+3).
   Rampage:   It bestows one free step when moving towards enemies.
 k - a +1 cloak (worn)
 s - +0 steam dragon scales
 t - a +0 troll leather armour
 z - a +1 pair of gloves (worn)
 F - a +0 pair of boots (worn)
 T - a +1 kite shield (worn)
 Y - the +1 robe of Koadar {rElec Str+2}
   (You found it on level 13 of the Dungeon)

   Str:       It affects your strength (+2).
   rElec:     It insulates you from electricity.
Jewellery
 g - an amulet of regeneration
 h - a ring of fire
 o - a +6 ring of strength (left hand)
 v - a +4 ring of protection
 w - an amulet of faith (around neck)
 K - a ring of fire
 R - a ring of resist corrosion
 S - a +6 ring of strength
 U - a +6 ring of dexterity (right hand)
 X - a ring of willpower
Wands
 r - a wand of roots (13)
 x - a wand of paralysis (25)
 y - a wand of mindburst (1)
Scrolls
 p - 8 scrolls of amnesia
 C - 2 scrolls of brand weapon
 D - a scroll of magic mapping
 I - a scroll of identify
 N - 3 scrolls of poison
Potions
 l - 4 potions of magic
 B - a potion of resistance
 E - a potion of haste
 J - 5 potions of ambrosia
 P - 5 potions of brilliance
 Z - a potion of cancellation
Miscellaneous
 H - a tin of tremorstones (2/2)


   Skills:
 + Level 11.6 Fighting
 + Level 10.7 Short Blades
 + Level 10.7 Long Blades
 + Level 10.7 Axes
 + Level 10.7 Maces & Flails
 + Level 10.7 Polearms
 + Level 10.7 Staves
 + Level 13.5 Ranged Weapons
 + Level 10.7 Throwing
 + Level 11.1 Armour
 + Level 11.1 Dodging
 + Level 10.7 Stealth
 + Level 10.7 Shields
 + Level 10.7 Unarmed Combat
 + Level 11.1 Spellcasting
 + Level 9.0 Conjurations
 + Level 9.0 Hexes
 + Level 9.0 Summonings
 + Level 9.0 Necromancy
 + Level 9.0 Translocations
 + Level 9.0 Transmutations
 + Level 9.0 Fire Magic
 + Level 9.0 Ice Magic
 + Level 9.0 Air Magic
 + Level 9.0 Earth Magic
 + Level 9.3 Poison Magic
 + Level 11.7 Invocations
 + Level 10.7 Evocations


You had 24 spell levels left.
You knew the following spells:

 Your Spells              Type           Power      Damage    Failure   Level
a - Sting                 Tmut/Pois      100%       1d8       1%          1
b - Mephitic Cloud        Conj/Pois/Air  43%        N/A       1%          3
c - Foxfire               Conj/Fire      100%       2x1d9     1%          1
d - Necrotise             Necr           100%       1d9       1%          1
e - Gell's Gravitas       Tloc           42%        N/A       1%          3
f - Vampiric Draining     Necr           42%        2d9       1%          3

Your spell library contained the following spells:

 Spells                   Type           Power      Damage    Failure   Level
 Apportation              Tloc           84%        N/A       1%          1
 Slow                     Hex            100%       N/A       1%          1
 Summon Small Mammal      Summ           100%       N/A       1%          1
 Poisonous Vapours        Pois/Air       86%        N/A       1%          2
 Confusing Touch          Hex            42%        N/A       1%          3
 Conjure Flame            Conj/Fire      42%        6-21      1%          3
 Inner Flame              Hex/Fire       42%        N/A       1%          3
 Teleport Other           Tloc           42%        N/A       1%          3
 Animate Armour           Summ/Erth      84%        N/A       4%          4
 Corpse Rot               Necr/Pois/Air  43%        N/A       4%          4
 Dispel Undead            Necr           42%        3d17      4%          4
 Flame Wave               Conj/Fire      42%        2d11      4%          4
 Leda's Liquefaction      Hex/Erth       21%        N/A       4%          4
 Petrify                  Tmut/Erth      42%        N/A       4%          4
 Summon Ice Beast         Ice/Summ       42%        N/A       4%          4
 Agony                    Necr           42%        N/A       14%         5
 Fireball                 Conj/Fire      21%        3d10      14%         5
 Iskenderun's Battlesphe  Conj           42%        2d9       14%         5
 Lee's Rapid Deconstruct  Erth           21%        3d13*     14%         5
 Summon Mana Viper        Hex/Summ       42%        N/A       14%         5
 Conjure Ball Lightning   Conj/Air       21%        3x3d6     61%         6
 Death Channel            Necr           21%        N/A       61%         6
 Dispersal                Tloc           21%        N/A       61%         6
 Iron Shot                Conj/Erth      21%        9d5       61%         6
 Statue Form              Tmut/Erth      28%        N/A       61%         6
 Monstrous Menagerie      Summ           21%        N/A       99%         7
 Orb of Destruction       Conj           21%        9d8       99%         7
 Spellforged Servitor     Conj/Summ      21%        N/A       99%         7


Dungeon Overview and Level Annotations

Branches:
Dungeon (15/15)            Temple (1/1) D:5            Lair (5/5) D:11
 Shoals (1/4) Lair:3        Snake (1/4) Lair:2        Slime (0/5) Lair:4
    Orc (2/2) D:12            Elf (0/3) Orc:2        Vaults (0/5) D:13
Volcano (visited)
 Depths: D:15

Altars:
Ashenzari
Cheibriados
Dithmenos
Elyvilon
Fedhas
Gozag
Hepliaklqana
Kikubaaqudgha
Makhleb
Nemelex Xobeh
Okawaru
Qazlal
Ru
Sif Muna
Trog
Uskayaw
Vehumet
Wu Jian
Xom
Yredelemnul
Zin
The Shining One

Shops:
D:8 *:*?   D:10 (   D:12 *   Orc:2 [

Annotations:
D:5 2 runed translucent doors, Smersh616's ghost, weakling FoDe
D:10 exclusion: orange crystal statue
D:15 Kirke
Lair:4 1 runed translucent door


Innate Abilities, Weirdness & Mutations

You have very sharp teeth.
Your uncanny sense of smell can sniff out nearby items.
Your experience applies equally to all skills.
You possess an exceptional clarity of mind.
You are frail. (-10% HP)
Your muscles are strong. (Str +4, Int/Dex -1)


Message History

You hit the skeletal warrior.
The skeletal warrior hits you with a +0 scimitar of protection!
* * * LOW HITPOINT WARNING * * *
The large slime creature misses you.
You slash the large slime creature!
You kill the large slime creature!
Qazlal accepts your kill.
You hit the skeletal warrior.
You block the skeletal warrior's attack.
A large slime creature splits.
You closely miss the green ugly thing.
The green ugly thing is severely wounded.
You hit the skeletal warrior.
The slime creature quivers.
The green ugly thing barely misses you. The skeletal warrior misses you.
You block the green ugly thing's attack.
You slash the skeletal warrior!
The skeletal warrior is moderately damaged.
You barely miss the green ugly thing.
You block the skeletal warrior's attack.
You block the green ugly thing's attack.
You hit the skeletal warrior but do no damage.
The skeletal warrior is moderately damaged.
You slash the green ugly thing! The skeletal warrior misses you.
You block the green ugly thing's attack.
The slime creature quivers.
You hit the skeletal warrior but do no damage.
You bite the skeletal warrior, but do no damage.
The skeletal warrior is moderately damaged.
You catch the helpless green ugly thing completely off-guard!
You slash the green ugly thing!
You kill the green ugly thing!
Qazlal accepts your kill.
You block the skeletal warrior's attack.
You slice the slime creature!!
You kill the slime creature!
Qazlal accepts your kill.
You hit the skeletal warrior but do no damage.
The skeletal warrior hits you with a +0 scimitar of protection!
You die...

#..[# ..# ####...#### #.#
##...(.....# #.# <..........#.#
##.##### ##.........#.#
#####......# ####@.[#..#.#
#...........
###...#..#.#########.###.......
#.....#..#.##..z[.....###.....#
#.#####..#.###@######.# #.....#
#.# #..#.###.## .....###.# #.#
#..#.##.J.## .###.# #.#
#.#####...##.....# #.# #.. ..#
###........###.....# #.# ## #.#
...@......## ##...## #.# #.#
###H####### ##.## ###.# #.#
##...## #..###...#######.#
#.....# ##...#............


You could see a skeletal warrior (unable to see you) and a slime creature
(wandering, unable to see you).

Vanquished Creatures
  Roxanne (D:14)
  A very ugly thing (D:15)
  An ettin (Orc:1)
  A merfolk impaler (Shoals:1)
  A rakshasa (D:15)
  2 vault guards (D:13)
  2 hydras
  3 boulder beetles
  Erica (D:7)
  A catoblepas (D:14)
  The ghost of Jingleheimer the Myrmidon, a journeyman GrGl of Okawaru (D:12)
  2 centaur warriors
  5 two-headed ogres
  An orc high priest (D:12)
  A deep troll (D:12)
  A glowing orange brain (D:15)
  A sea snake (Shoals:1)
  A lindwurm (Lair:4)
  A necromancer (D:13)
  3 wizards (D:13)
  An orc knight (Orc:2)
  4 manticores
  A wolf spider (Lair:5)
  7 ugly things
  A manticore (shapeshifter) (D:12)
  2 slime creatures (D:15)
  3 fauns (Shoals:1)
  2 cyclopes
  A water nymph (Shoals:1)
  11 black mambas
  A merfolk siren (Shoals:1)
  A guardian serpent (Lair:5)
  An ice statue (D:12)
  Joseph (D:7)
  2 gargoyles (D:13)
  A spectral unseen horror (D:9)
  4 rime drakes
  2 torpor snails
  12 cane toads
  9 komodo dragons
  An efreet (D:14)
  2 unseen horrors
  4 trolls
  2 polar bears (Lair:4)
  4 hornets
  25 blink frogs
  A dream sheep (shapeshifter) (D:15)
  5 dream sheep
  A snapping turtle (Lair:3)
  Sigmund (D:4)
  2 shadows (D:12)
  11 wyverns
  5 hogs (D:15)
  A water elemental (Shoals:1)
  2 wraiths
  A vampire (D:13)
  18 humans
  46 yaks
  3 basilisks
  5 vampire mosquitoes (D:12)
  A golden eye (shapeshifter) (D:15)
  3 steam dragons
  2 redbacks (Lair:4)
  A death yak simulacrum (D:13)
  3 acid dragons
  Edmund (D:3)
  4 wargs
  A hell hound (Volcano)
  30 water moccasins
  13 orc warriors
  5 black bears
  4 ogres
  A boggart (D:12)
  6 wolves
  12 centaurs
  2 phantoms
  3 kobold brigands
  13 bullfrogs
  A wyvern zombie (D:7)
  3 necrophages
  7 scorpions
  A cane toad simulacrum (D:13)
  A water moccasin zombie (D:7)
  3 wights
  A troll zombie (D:12)
  An elephant simulacrum (D:13)
  8 killer bees
  3 howler monkeys
  4 centaur zombies
  A bullfrog zombie (D:7)
  6 orc priests
  2 gnoll boudas
  4 jellies
  A centaur skeleton (D:9)
  3 hounds
  Ijyb (D:4)
  6 iguanas
  15 orc wizards
  A troll simulacrum (D:13)
  2 spriggan simulacra (D:13)
  A polar bear simulacrum (D:13)
  2 killer bee zombies
  7 ogre zombies (D:12)
  2 howler monkey zombies
  Robin (D:2)
  10 gnolls
  5 adders
  A naga simulacrum (D:13)
  A shadow imp (D:6)
  2 white imps (D:7)
  A worm (D:2)
  51 orcs
  4 ball pythons
  8 endoplasms
  4 giant cockroaches
  24 goblins
  9 hobgoblins
  29 kobolds
  6 quokkas
  10 bats
  5 frilled lizards
  2 goblin skeletons (D:12)
  A goblin zombie (D:12)
  2 hobgoblin skeletons (D:12)
  2 hobgoblin zombies (D:12)
  18 orc zombies (D:12)
  5 rats
  A bush (Lair:1)
632 creatures vanquished.

Vanquished Creatures (collateral kills)
  Saint Roka (Orc:2)
  A boulder beetle (D:12)
  A merfolk avatar (Shoals:1)
  A merfolk aquamancer (Shoals:1)
  An orc knight (Orc:2)
  3 ugly things
  A manticore (Shoals:1)
  A merfolk siren (Shoals:1)
  2 cane toads (Lair:4)
  An efreet (D:14)
  2 trolls
  3 merfolk (Shoals:1)
  2 polar bears
  A wind drake (Shoals:1)
  3 slime creatures (D:13)
  2 water elementals (Shoals:1)
  A yak (Lair:1)
  A yak (shapeshifter) (D:13)
  2 vampire mosquitoes (D:13)
  2 water moccasins
  A hell hound (Volcano)
  3 orc warriors (Orc:2)
  A bullfrog (D:11)
  2 orc priests (Orc:2)
  2 orc wizards (Orc:2)
  5 orcs (Orc:2)
  A kobold (D:7)
47 creatures vanquished.

Vanquished Creatures (others)
  A kobold (D:7)
  7 foxfires
  72 fungi
  108 plants
188 creatures vanquished.

Grand Total: 867 creatures vanquished

Notes
Turn   | Place    | Note
-------+----------+-------------------------------------------
     0 | D:1      | jtron the Gnoll Wanderer began the quest for the Orb.
     0 | D:1      | jtron set off with the following items: a +2 sling, a +0
                  | helmet, a potion of invisibility, a +0 leather armour; and
                  | the following spell memorised: Sting; and the following
                  | spells available to memorise: Mephitic Cloud.
     0 | D:1      | Reached XP level 1. HP: 20/20 MP: 4/4
   145 | D:1      | Reached XP level 2. HP: 21/26 MP: 5/5
   254 | D:1      | Found a faded altar of an unknown god.
   403 | D:1      | Reached XP level 3. HP: 30/31 MP: 7/7
  1005 | D:2      | Noticed Robin
  1019 | D:2      | Reached skill level 1 in Invocations
  1023 | D:2      | Killed Robin
  1024 | D:2      | Reached skill level 1 in Short Blades
  1024 | D:2      | Reached skill level 1 in Long Blades
  1024 | D:2      | Reached skill level 1 in Axes
  1024 | D:2      | Reached skill level 1 in Maces & Flails
  1024 | D:2      | Reached skill level 1 in Polearms
  1024 | D:2      | Reached skill level 1 in Staves
  1024 | D:2      | Reached skill level 1 in Throwing
  1024 | D:2      | Reached skill level 1 in Stealth
  1024 | D:2      | Reached skill level 1 in Shields
  1024 | D:2      | Reached skill level 1 in Unarmed Combat
  1024 | D:2      | Reached skill level 1 in Evocations
  1249 | D:2      | Reached XP level 4. HP: 38/38 MP: 8/8
  1986 | D:3      | Reached skill level 1 in Conjurations
  1986 | D:3      | Reached skill level 1 in Hexes
  1986 | D:3      | Reached skill level 1 in Summonings
  1986 | D:3      | Reached skill level 1 in Necromancy
  1986 | D:3      | Reached skill level 1 in Translocations
  1986 | D:3      | Reached skill level 1 in Transmutations
  1986 | D:3      | Reached skill level 1 in Fire Magic
  1986 | D:3      | Reached skill level 1 in Ice Magic
  1986 | D:3      | Reached skill level 1 in Air Magic
  1986 | D:3      | Reached skill level 1 in Earth Magic
  2208 | D:3      | Identified a scroll of acquirement
  2208 | D:3      | Acquired 1202 gold pieces
  2477 | D:3      | Reached XP level 5. HP: 43/43 MP: 9/9
  2595 | D:3      | Found a shimmering altar of Xom.
  2999 | D:4      | Found a shimmering blue altar of Sif Muna.
  3067 | D:4      | Noticed a phantom
  3092 | D:4      | Killed a phantom
  3093 | D:4      | Reached XP level 6. HP: 35/50 MP: 9/11
  3185 | D:4      | Learned a level 3 spell: Mephitic Cloud
  3259 | D:4      | Noticed Sigmund
  3261 | D:4      | Noticed Edmund
  3371 | D:3      | HP: 1/50 [Edmund/+2 dire flail of holy wrath (9)]
  3377 | D:3      | Killed Edmund
  3378 | D:3      | Reached skill level 5 in Fighting
  3685 | D:4      | Killed Sigmund
  3686 | D:4      | Reached XP level 7. HP: 44/56 MP: 12/12
  3796 | D:4      | Noticed Ijyb
  3803 | D:4      | Paralysed by Ijyb for 3 turns
  3819 | D:4      | Killed Ijyb
  4074 | D:4      | HP: 2/56 [black bear (4)]
  4076 | D:4      | Reached skill level 9 in Ranged Weapons
  4528 | D:5      | Entered Level 5 of the Dungeon
  4814 | D:5      | Found a runed translucent door.
  4855 | D:5      | Noticed Smersh616's ghost (weakling FoDe)
  4887 | D:5      | Reached XP level 8. HP: 63/63 MP: 14/14
  4951 | D:5      | Found a runed translucent door.
  4961 | D:5      | Found a staircase to the Ecumenical Temple.
  4989 | Temple   | Entered the Ecumenical Temple
  5152 | Temple   | Became a worshipper of Qazlal Stormbringer
  6304 | D:6      | Found a blossoming altar of Fedhas.
  6566 | D:6      | Found a snail-covered altar of Cheibriados.
  6575 | D:6      | Learned a level 1 spell: Foxfire
  7343 | D:6      | Identified the +5 ring mail "Goorgh" {Rampage Int+4 Dex+3}
  7450 | D:6      | Reached XP level 9. HP: 69/69 MP: 16/16
  7879 | D:6      | Reached skill level 5 in Spellcasting
  8204 | D:7      | Reached skill level 5 in Armour
  8204 | D:7      | Reached skill level 5 in Dodging
  8727 | D:7      | Reached * piety under Qazlal
  8876 | D:7      | Reached skill level 5 in Invocations
  9113 | D:7      | Found a basalt altar of Yredelemnul.
  9223 | D:7      | Found an iron altar of Okawaru.
  9239 | D:7      | Gained mutation: You possess an exceptional clarity of
                  | mind. [potion of mutation]
  9239 | D:7      | Gained mutation: You are frail. (-10% HP) [potion of
                  | mutation]
  9239 | D:7      | Gained mutation: Your muscles are strong. (Str +4, Int/Dex
                  | -1) [potion of mutation]
  9286 | D:7      | Noticed Joseph
  9302 | D:7      | Killed Joseph
  9579 | D:8      | Noticed Erica
  9591 | D:7      | Killed Erica
  9592 | D:7      | Reached skill level 5 in Short Blades
  9592 | D:7      | Reached skill level 5 in Long Blades
  9592 | D:7      | Reached skill level 5 in Axes
  9592 | D:7      | Reached skill level 5 in Maces & Flails
  9592 | D:7      | Reached skill level 5 in Polearms
  9592 | D:7      | Reached skill level 5 in Staves
  9592 | D:7      | Reached skill level 10 in Ranged Weapons
  9592 | D:7      | Reached skill level 5 in Throwing
  9592 | D:7      | Reached skill level 5 in Stealth
  9592 | D:7      | Reached skill level 5 in Shields
  9592 | D:7      | Reached skill level 5 in Unarmed Combat
  9592 | D:7      | Reached skill level 5 in Evocations
  9592 | D:7      | Reached XP level 10. HP: 20/71 MP: 17/19
  9965 | D:8      | Found Qibeses's Assorted Antiques.
  9970 | D:8      | Bought a steaming war axe for 246 gold pieces
  9970 | D:8      | Identified the +5 war axe of Qigraan {protect, rPois Int+4}
                  | (You bought it in a shop on level 8 of the Dungeon)
 10028 | D:8      | Reached skill level 5 in Poison Magic
 10052 | D:8      | Reached ** piety under Qazlal
 10430 | D:8      | Found a bloodstained altar of Trog.
 10488 | D:8      | Found Zaen's Book Boutique.
 10532 | D:8      | Found Hoihai Exuirch's General Store.
 10535 | D:8      | Bought a scroll of identify for 28 gold pieces
 10535 | D:8      | Bought a potion of degeneration for 14 gold pieces
 10690 | D:8      | Found Atwetym's Magic Scroll Shoppe.
 10695 | D:8      | Bought a scroll of enchant weapon for 75 gold pieces
 10695 | D:8      | Bought a scroll of enchant armour for 75 gold pieces
 10755 | D:8      | Found a hide-covered altar of Uskayaw.
 10947 | D:8      | Found a glowing silver altar of Zin.
 10947 | D:8      | Noticed an angel
 11302 | D:9      | Noticed a cyclops
 11329 | D:9      | Killed a cyclops
 11779 | D:9      | Noticed a spectral unseen horror
 11795 | D:9      | Killed a spectral unseen horror
 11896 | D:9      | Reached skill level 5 in Conjurations
 11896 | D:9      | Reached skill level 5 in Hexes
 11896 | D:9      | Reached skill level 5 in Summonings
 11896 | D:9      | Reached skill level 5 in Necromancy
 11896 | D:9      | Reached skill level 5 in Translocations
 11896 | D:9      | Reached skill level 5 in Transmutations
 11896 | D:9      | Reached skill level 5 in Fire Magic
 11896 | D:9      | Reached skill level 5 in Ice Magic
 11896 | D:9      | Reached skill level 5 in Air Magic
 11896 | D:9      | Reached skill level 5 in Earth Magic
 11915 | D:9      | Reached XP level 11. HP: 71/76 MP: 21/21
 12342 | D:10     | Entered Level 10 of the Dungeon
 12478 | D:10     | Noticed a two-headed ogre
 12486 | D:10     | Killed a two-headed ogre
 12614 | D:10     | Found a white marble altar of Elyvilon.
 12911 | D:10     | Found Ugidghuech's Weapon Boutique.
 12919 | D:10     | Reached *** piety under Qazlal
 12975 | D:10     | Learned a level 1 spell: Necrotise
 13234 | D:10     | Noticed an orange crystal statue
 13304 | D:10     | Found a sparkling altar of Nemelex Xobeh.
 13992 | D:11     | Found a staircase to the Lair.
 14225 | D:11     | Reached skill level 11 in Ranged Weapons
 15003 | D:12     | Noticed a two-headed ogre
 15009 | D:12     | Killed a two-headed ogre
 15010 | D:12     | Reached XP level 12. HP: 84/84 MP: 14/23
 15228 | D:12     | Reached **** piety under Qazlal
 15471 | D:12     | Noticed a four-headed hydra
 15475 | D:12     | Found a staircase to the Orcish Mines.
 15557 | D:12     | Found a glowing golden altar of the Shining One.
 15663 | D:12     | Noticed Jingleheimer's ghost (journeyman GrGl)
 15685 | D:12     | Noticed a two-headed ogre
 15695 | D:12     | Found a transporter.
 15697 | D:12     | Noticed a centaur warrior
 15724 | D:12     | Found a transporter.
 15787 | D:12     | Noticed a boulder beetle
 15805 | D:12     | Killed a boulder beetle
 15828 | D:12     | Found Libiy's General Store.
 15836 | D:12     | Bought the +5 falchion of the Mouth {freeze, rN+ rCorr
                  | Int+7} for 928 gold pieces
 15836 | D:12     | Bought a scroll of enchant weapon for 112 gold pieces
 16271 | D:12     | Noticed a five-headed hydra
 16271 | D:12     | Killed a two-headed ogre
 16616 | D:13     | Noticed a two-headed ogre
 16872 | D:12     | Killed a two-headed ogre
 16938 | D:13     | Noticed a two-headed ogre
 16944 | D:13     | Killed a two-headed ogre
 17473 | D:13     | Identified the +1 robe of Koadar {rElec Str+2}
 17475 | D:13     | Noticed a vault guard
 17476 | D:13     | Noticed a vault guard
 17488 | D:13     | Reached ***** piety under Qazlal
 17493 | D:13     | Killed a vault guard
 17494 | D:13     | Reached XP level 13. HP: 47/90 MP: 16/25
 17498 | D:13     | Killed a vault guard
 17716 | D:13     | Found a gate to the Vaults.
 18878 | Lair:1   | Entered Level 1 of the Lair of Beasts
 18964 | Lair:1   | Learned a level 3 spell: Gell's Gravitas
 19095 | Lair:1   | Reached skill level 12 in Ranged Weapons
 19916 | Lair:2   | Found a dark tunnel.
 19925 | Volcano  | Entered a volcano
 20076 | Lair:2   | Found a staircase to the Snake Pit.
 20450 | Lair:2   | Reached skill level 10 in Fighting
 21170 | Snake:1  | Entered Level 1 of the Snake Pit
 21416 | Lair:3   | Learned a level 3 spell: Vampiric Draining
 21674 | Lair:3   | Found a staircase to the Shoals.
 21692 | Shoals:1 | Entered Level 1 of the Shoals
 21701 | Shoals:1 | Noticed a merfolk impaler
 21713 | Shoals:1 | Reached XP level 14. HP: 93/99 MP: 22/27
 21714 | Shoals:1 | Reached skill level 10 in Invocations
 23028 | Lair:4   | Reached skill level 10 in Spellcasting
 23202 | Lair:4   | Found a runed translucent door.
 23203 | Lair:4   | Found a staircase to the Slime Pits.
 23203 | Lair:4   | Noticed an acid blob
 23203 | Lair:4   | Noticed an acid blob
 23260 | Lair:4   | Reached skill level 10 in Armour
 23260 | Lair:4   | Reached skill level 10 in Dodging
 23642 | Lair:5   | Entered Level 5 of the Lair of Beasts
 24504 | Lair:5   | Reached skill level 10 in Short Blades
 24504 | Lair:5   | Reached skill level 10 in Long Blades
 24504 | Lair:5   | Reached skill level 10 in Axes
 24504 | Lair:5   | Reached skill level 10 in Maces & Flails
 24504 | Lair:5   | Reached skill level 10 in Polearms
 24504 | Lair:5   | Reached skill level 10 in Staves
 24504 | Lair:5   | Reached skill level 10 in Throwing
 24504 | Lair:5   | Reached skill level 10 in Stealth
 24504 | Lair:5   | Reached skill level 10 in Shields
 24504 | Lair:5   | Reached skill level 10 in Unarmed Combat
 24504 | Lair:5   | Reached skill level 10 in Evocations
 24607 | Lair:5   | Reached skill level 13 in Ranged Weapons
 24670 | Lair:5   | Reached XP level 15. HP: 78/106 MP: 29/29
 26191 | Orc:1    | Entered Level 1 of the Orcish Mines
 26416 | Orc:2    | Entered Level 2 of the Orcish Mines
 26569 | Orc:2    | Found a staircase to the Elven Halls.
 26772 | Orc:2    | Found Beloh's Armour Emporium.
 26911 | Orc:2    | Noticed Saint Roka
 27278 | Orc:2    | Killed Saint Roka
 27717 | D:12     | Killed Jingleheimer's ghost
 28225 | D:14     | Identified Roxanne's Textbook on the Ground
 28225 | D:14     | Noticed Roxanne
 28243 | D:14     | Killed Roxanne
 28770 | D:14     | Identified the +3 leather armour "Ruqipry" {Dex+4}
 29076 | D:15     | Entered Level 15 of the Dungeon
 29140 | D:15     | Noticed Kirke
 29158 | D:15     | Noticed a sphinx
 29536 | D:15     | Identified the +1 robe of Fun {Harm rF- Will+}
 29731 | D:15     | HP: 2/108 [skeletal warrior/+0 scimitar of protection (17)]
 29737 | D:15     | Slain by a skeletal warrior

Illustrated notes

Levels and vault maps discovered:
D:1:      erik_arrival_blinker_ship, layout_loops_cross,
          shapermc_ecumenical_altar_mp_highgroup, serial_aquarium,
          aquarium_bridge_square [aquarium_subvault_bridge,
          aquarium_subvault_wall, aquarium_subvault_window,
          aquarium_subvault_bridge], aquarium_bridge_square
          [aquarium_subvault_wall, aquarium_subvault_wall,
          aquarium_subvault_balcony, aquarium_subvault_bridge],
          aquarium_window_double, aquarium_window_2, aquarium_view_2a,
          aquarium_view_2e, aquarium_balcony_double_4, kennysheep_crisscross
D:2:      layout_loops_ring, minmay_misc_feat_ornament, uniq_robin
D:3:      layout_basic, lemuel_round_altar, kennysheep_minor_cross,
          nicolae_concentric_dashed_squares_wild, minmay_misc_feat_chi,
          minmay_misc_feat_columns, chequers_arboretum
D:4:      layout_rooms, amcnicky_altar_gilded, uniq_ijyb, uniq_sigmund,
          uniq_edmund
D:5:      layout_layer_cave, minmay_temple_entry_waves, ebering_ghost_sewer_f
D:6:      layout_basic, mainiacjoe_overflow_cross_hatched, fedhas_altar_2
D:7:      layout_basic, okawaru_trees_1, nicolae_yredelemnul_corpse_copse,
          uniq_joseph
D:8:      old_forge, layout_rooms, zin_angel,
          mainiacjoe_overflow_surrounded_room, trog_hazing_becter, serial_shops,
          shop, kennysheep_mini, nicolae_shop_hallway_stairs,
          nicolae_shop_hallway_plus, uniq_erica
D:9:      layout_roguey, hangedman_weighted_door
D:10:     layout_long_grid, elyvilon_altar_5, mainiacjoe_overflow_chevrons,
          serial_shops, nicolae_shop_advertising_works
          [nicolae_subvault_shop_adworks], minivault_16
D:11:     layout_basic, due_lair_maze_entry_diamond
D:12:     dreamdust_cave_troll, layout_basic, zombieorc2_lemuel, serial_shops,
          shop, nzn_ghost_randoct, tso_altar
D:13:     layout_small_grid, grunt_vaults_entry_tiered,
          portal_ice_cave_entry_ice_simulacra, grunt_ministairs_7
D:14:     layout_loops_ring, moated_statue, statue_in_the_mist_lemuel,
          columned_hall_lemuel, uniq_roxanne
D:15:     gammafunk_enter_depths_forms, layout_loops_ring, vehumet_statue,
          uniq_kirke, uniq_azrael, uniq_nessos
Temple:   jpeg_temple_clearing
Lair:1:   layout_cave_pods, evilmike_ambush [evilmike_ambush_outer_basic,
          evilmike_ambush_inner_basic], lemuel_fruit_fields, grunt_megastairs_5
Lair:2:   layout_small_grid, dummy_snake_entry, nicolae_volcano_entry_lava_flow,
          minmay_holes, grunt_forest_stairs_basic
Lair:3:   layout_misc_corridors, minmay_shoals_entry_hut, st_stairs_6,
          minmay_stone_trees_small, grunt_megastairs_4
Lair:4:   layout_loops_ring, slime_entry_2, fungi_pond_lemuel,
          nicolae_lair_lil_pond, pond
Lair:5:   hangedman_lair_tendril_chambers, layout_layer_cave
Shoals:1: layout_shoals, nicolae_shoals_wave_tunnel
Snake:1:  layout_rooms, uniq_aizul
Orc:1:    layout_diamond_mine
Orc:2:    pf_orc_diabolical, layout_diamond_mine, serial_shops,
          nicolae_shop_hallway_plus, uniq_saint_roka

Skill      XL: |  1  2  3  4  5  6  7  8  9 10 11 12 13 14 15 |
---------------+----------------------------------------------+-----
Poison Magic   | 2 3 4 5 6 7 8 9 |  9.3
Invocations    | 1 2 3 4 5 6 7 8 9 10 11 | 11.7
Short Blades   | 1 2 3 5 6 7 8 9 10 | 10.7
Long Blades    | 1 2 3 5 6 7 8 9 10 | 10.7
Axes           | 1 2 3 5 6 7 8 9 10 | 10.7
Maces & Flails | 1 2 3 5 6 7 8 9 10 | 10.7
Polearms       | 1 2 3 5 6 7 8 9 10 | 10.7
Staves         | 1 2 3 5 6 7 8 9 10 | 10.7
Throwing       | 1 2 3 5 6 7 8 9 10 | 10.7
Stealth        | 1 2 3 5 6 7 8 9 10 | 10.7
Shields        | 1 2 3 5 6 7 8 9 10 | 10.7
Unarmed Combat | 1 2 3 5 6 7 8 9 10 | 10.7
Evocations     | 1 2 3 5 6 7 8 9 10 | 10.7
Spellcasting   | 3 4 6 7 8 9 10 11 | 11.1
Conjurations   | 1 2 3 4 5 6 7 8 9 |  9.0
Hexes          | 1 2 3 4 5 6 7 8 9 |  9.0
Summonings     | 1 2 3 4 5 6 7 8 9 |  9.0
Necromancy     | 1 2 3 4 5 6 7 8 9 |  9.0
Translocations | 1 2 3 4 5 6 7 8 9 |  9.0
Transmutations | 1 2 3 4 5 6 7 8 9 |  9.0
Fire Magic     | 1 2 3 4 5 6 7 8 9 |  9.0
Ice Magic      | 1 2 3 4 5 6 7 8 9 |  9.0
Air Magic      | 1 2 3 4 5 6 7 8 9 |  9.0
Earth Magic    | 1 2 3 4 5 6 7 8 9 |  9.0
Armour         | 3 4 5 6 7 8 9 10 11 | 11.1
Dodging        | 3 4 5 6 7 8 9 10 11 | 11.1
Fighting       | 5 6 7 8 9 10 11 | 11.6
Ranged Weapons | 9 10 11 12 13 | 13.5

Action                   |  1- 3 |  4- 6 |  7- 9 | 10-12 | 13-15 || total
-------------------------+-------+-------+-------+-------+-------++-------
Melee: Short sword       |       |   102 |   308 |       |       ||   410
       Bite              |       |    12 |    49 |    83 |   172 ||   316
       Punch             |       |     4 |    11 |    19 |       ||    34
       Halberd           |       |       |    46 |     1 |       ||    47
       War axe           |       |       |       |   497 |   969 ||  1466
       Unarmed           |       |       |       |       |    14 ||    14
 Fire: Sling             |   113 |   149 |   221 |   154 |    75 ||   712
Throw: Dart              |       |       |     4 |     8 |    53 ||    65
       Javelin           |       |       |       |     7 |    11 ||    18
       Throwing net      |       |       |       |     1 |       ||     1
       Stone             |       |       |       |     7 |     7 ||    14
 Cast: Sting             |       |       |     5 |       |       ||     5
       Foxfire           |       |       |     4 |     1 |       ||     5
       Mephitic Cloud    |       |       |     1 |     2 |       ||     3
       Necrotise         |       |       |       |    21 |     5 ||    26
       Vampiric Draining |       |       |       |       |     3 ||     3
Invok: Upheaval          |       |       |       |     3 |     1 ||     4
       Elemental Force   |       |       |       |     3 |    21 ||    24
       Disaster Area     |       |       |       |     1 |       ||     1
Evoke: Wand              |       |       |     8 |     4 |    21 ||    33
  Use: Scroll            |     1 |     5 |    10 |    14 |    14 ||    44
       Potion            |       |     4 |    12 |     4 |    14 ||    34
 Stab: Invisible         |       |     1 |       |       |     2 ||     3
       Paralysed         |       |       |     3 |       |     6 ||     9
       Confused          |       |       |     2 |       |       ||     2
       Held in net/web   |       |       |       |     1 |       ||     1
       Distracted        |       |       |       |       |     3 ||     3
Armor: Robe              |     4 |    33 |   116 |       |       ||   153
       Ring mail         |       |       |    82 |   252 |   243 ||   577
       Skin              |       |       |    52 |       |       ||    52
Dodge: Dodged            |    18 |    90 |   332 |   339 |   512 ||  1291
       Repelled          |       |       |       |     1 |     3 ||     4
Block: Other             |       |       |     4 |    37 |     2 ||    43
       Kite shield       |       |       |       |   205 |  1063 ||  1268
